 Dungeon Crawl Stone Soup version 0.27.1 (webtiles) character file.

Game seed: 12850832894981209644

79 DearestLeader the Unweaver (level 4, 0/35 HPs)
             Began as a Demonspawn Abyssal Knight on Aug 30, 2021.
             Was a Follower of Lugonu.
             Slain by a hobgoblin (2 damage)
             ... led by Robin
             ... on level 3 of the Dungeon.
             The game lasted 00:05:41 (3053 turns).

DearestLeader the Unweaver (DsAK)                   Turns: 3053, Time: 00:05:43

Health: 0/35       AC: 13    Str: 14    XL:     4   Next: 16%
Magic:  6/6        EV:  9    Int: 13    God:    Lugonu [*.....]
Gold:   131        SH:  0    Dex: 18    Spells: 3/3 levels left

rFire    . . .     SeeInvis .   a - +1 hand axe
rCold    . . .     Faith    .   (no shield)
rNeg     . . .     Spirit   .   g - +0 scale mail
rPois    .         Reflect  .   (helmet restricted)
rElec    .         Harm     .   d - +0 cloak
rCorr    .         Rampage  .   (no gloves)
Will     .....                  (no boots)
Stlth    ..........             (no amulet)
HPRegen  0.11/turn              n - +6 ring of dexterity
MPRegen  0.10/turn              (no ring)

@: sanguine armoured
A: antennae 1, foul stench 1, sanguine armour 1
a: Renounce Religion, Depart the Abyss


You were on level 3 of the Dungeon.
You worshipped Lugonu.
Lugonu was aware of your devotion.
You visited 1 branch of the dungeon, and saw 3 of its levels.
You visited the Abyss 1 time.

You collected 131 gold pieces.

Inventory:

Hand Weapons
 a - a +1 hand axe (weapon)
 e - a +0 war axe
 k - a +0 hunting sling
Missiles
 f - 45 arrows
Armour
 b - a +0 leather armour
 d - a +0 cloak (worn)
 g - a +0 scale mail (worn)
Jewellery
 n - a +6 ring of dexterity (left hand)
Scrolls
 c - 2 scrolls of identify {unknown}
 i - a scroll of amnesia {unknown}
 j - 2 scrolls of magic mapping {unknown}
 l - a scroll of teleportation {unknown}
 o - a scroll of blinking {unknown}
Potions
 h - 2 potions of lignification {unknown}
 m - a potion of berserk rage {unknown}


   Skills:
 - Level 3.0 Fighting
 * Level 3.4 Axes
 - Level 2.0 Armour
 - Level 1.0 Dodging
 + Level 3.7 Invocations


You had 3 spell levels left.
You didn't know any spells.
Your spell library was empty.

Dungeon Overview and Level Annotations

Branches:
Dungeon (3/15)

Altars:

Shops:
D:3 [

Annotations:
D:3 Robin


Innate Abilities, Weirdness & Mutations

You have a pair of small antennae on your head.
You may rarely emit foul miasma when damaged in melee.
When seriously injured, your bleeding wounds create armour. (AC +6)


Message History

The goblin is almost dead.
You hit the goblin.
You kill the goblin!
Lugonu accepts your kill.
You closely miss the hobgoblin.
Your scale mail prevents you from hitting the goblin.
You feel sick. The hobgoblin barely misses you.
The goblin hits you with a +0 club. The goblin hits you but does no damage.
You hit the goblin.
You kill the goblin!
Lugonu accepts your kill.
You hit the goblin. You hit the hobgoblin.
You feel sick. The goblin barely misses you. The hobgoblin barely misses you.
You miss the goblin.
The goblin is severely wounded.
You closely miss the hobgoblin. You hit Robin but do no damage.
Your blood congeals into armour.
You feel sick. The goblin hits you with a +0 club.
Robin throws the goblin at you! The goblin hits you with a +0 club.
The hobgoblin barely misses you.
You are too injured to fight recklessly!
Unknown command.
You feel sick. The goblin hits you with a +0 club.
* * * LOW HITPOINT WARNING * * *
You emit a cloud of foul miasma!
Robin throws the goblin at you! The goblin hits you but does no damage.
The hobgoblin hits you.
* * * LOW HITPOINT WARNING * * *
The goblin hits you but does no damage.
You hit the goblin.
You kill the goblin!
Lugonu accepts your kill.
You hit the goblin.
You kill the goblin!
Lugonu accepts your kill.
You closely miss the hobgoblin. You closely miss the goblin.
You feel sick.
You are no longer poisoned.
The goblin is engulfed in dark miasma.
The goblin is poisoned.
You kill the goblin!
Lugonu accepts your kill. Robin throws the goblin at you!
The hobgoblin hits you.
You die...

......##..#...#.....### ####.....
......##.............. .........
......###)...........## ####.....
......#.)...#...........####.....
...................... ..........
........##..#...g..#...#.........
..#####. #....g)g..#.#...#.###...
..##....ggg.?#.......#####. ..
#......)@☼.##....#..# #.
#...#......g).<# #....## #.
#........##.#### # #<.# #.
................#.# ##.###.
...##.##..##......##. #...... #.#
#. ##).##................ #. #.
#..)................. #.
#...#..........######
..>...............


You could see Robin, 2 hobgoblins and 4 goblins.

Vanquished Creatures
  A gnoll (D:1)
  An adder (D:2)
  6 orcs
  5 ball pythons
  5 bats
  4 endoplasms
  A giant cockroach (D:1)
  8 goblins
  4 hobgoblins
  3 jackals (D:3)
  5 kobolds
  3 quokkas
  4 frilled lizards
  2 rats (D:1)
52 creatures vanquished.

Notes
Turn   | Place    | Note
-------+----------+-------------------------------------------
     0 | Abyss:1  | DearestLeader the Demonspawn Abyssal Knight began the quest
                  | for the Orb.
     0 | Abyss:1  | Reached XP level 1. HP: 18/18 MP: 2/2
     9 | Abyss:1  | Found a corrupted altar of Lugonu.
   192 | Abyss:1  | Noticed a blink frog
   272 | Abyss:1  | Found a corrupted altar of Lugonu.
   287 | Abyss:1  | Noticed a starcursed mass
   288 | D:1      | Escaped the Abyss
   551 | D:1      | Reached skill level 1 in Dodging
   691 | D:1      | Gained mutation: You have a pair of small antennae on your
                  | head. [demonic ancestry]
   691 | D:1      | Reached XP level 2. HP: 22/24 MP: 4/4
  1000 | D:1      | Found a faded altar of an unknown god.
  1059 | D:1      | Reached * piety under Lugonu
  1261 | D:1      | You fall into a shaft and drop 1 floor!
  1362 | D:2      | Gained mutation: When seriously injured, your bleeding
                  | wounds create armour. (AC +6) [demonic ancestry]
  1362 | D:2      | Reached XP level 3. HP: 29/29 MP: 5/5
  2540 | D:3      | Found Kuaf's Armour Emporium.
  2745 | D:3      | Gained mutation: You may rarely emit foul miasma when
                  | damaged in melee. [demonic ancestry]
  2745 | D:3      | Reached XP level 4. HP: 35/35 MP: 6/6
  3044 | D:3      | Noticed Robin
  3053 | D:3      | Slain by a hobgoblin

Illustrated notes

Levels and vault maps discovered:
D:1:      nzn_arrival_crosshair, layout_basic, basic_ecumenical_altar,
          chequers_jeans, chequers_serial_rivers_micro_d
D:2:      layout_loops_ring
D:3:      layout_rooms, ebering_ghost_reflecting_pool, serial_shops, shop,
          uniq_robin

Skill      XL: |  1  2  3 |
---------------+----------+-----
Dodging        | 1 |  1.0
Axes           | 2 3 |  3.4
Armour         | 2 |  2.0
Invocations    | 3 |  3.7
Fighting       | |  3.0

Action                   |  1- 3 |  4- 6 || total
-------------------------+-------+-------++-------
Melee: Hand axe          |   137 |    32 ||   169
Invok: Depart the Abyss  |     1 |       ||     1
Armor: Leather armour    |    16 |       ||    16
       Scale mail        |    56 |    20 ||    76
Dodge: Dodged            |    77 |    20 ||    97
